 Dungeon Crawl Stone Soup version 0.21.1-1-g345015f (webtiles) character file.

11154 manyhoops the Spear-Bearer (level 11, -17/89 HPs)
             Began as a Gnoll Wanderer on Mar 28, 2018.
             Was an Initiate of Gozag.
             Demolished by a white ugly thing (38 damage)
             ... on level 10 of the Dungeon.
             The game lasted 00:22:05 (13056 turns).

manyhoops the Spear-Bearer (Gnoll Wanderer)        Turns: 13056, Time: 00:22:06

Health: -17/89     AC: 22    Str: 18    XL:     11   Next: 73%
Magic:  20/20      EV: 11    Int: 24    God:    Gozag
Gold:   1150       SH:  0    Dex: 14    Spells: 19/22 levels left

rFire    + + .     SeeInvis .   u - +10 great sword of the Land of Plenty {drain, -Tele Str+4}
rCold    . . .     Gourm    .   (shield currently unavailable)
rNeg     . . .     Faith    .   H - +3 chain mail "Xosej" {rPois rF++ Dex-2}
rPois    +         Spirit   .   A - +1 hat
rElec    .         Reflect  .   z - +0 cloak
rCorr    .         Harm     +   t - +2 pair of gloves
MR       .....     NoTele   +   C - +2 pair of boots
Stlth    ..........             o - amulet of harm
HPRegen  0.24/turn              p - +3 ring of intelligence
MPRegen  0.17/turn              g - +4 ring of intelligence

@: gold aura
A: distributed training, fangs 1, strong nose
a: Potion Petition, Call Merchant, Bribe Branch, Renounce Religion


You were on level 10 of the Dungeon.
You worshipped Gozag.
Gozag was most pleased with you.
You were hungry.

You visited 2 branches of the dungeon, and saw 11 of its levels.
You also visited: Sewer and Ossuary.

You collected 2227 gold pieces.
You spent 557 gold pieces at shops.
You paid 520 gold pieces to Gozag.

Inventory:

Hand Weapons
 u - the +10 great sword of the Land of Plenty (weapon) {drain, -Tele Str+4}
   (You acquired it on level 10 of the Dungeon)

   A truly terrible weapon, it drains the life of those it strikes.
   It affects your strength (+4).
   It prevents most forms of teleportation.
 E - a +1 trident of venom
Armour
 q - a scarf of resistance
 t - a +2 pair of gloves (worn)
 z - a +0 cloak (worn)
 A - a +1 hat (worn)
 C - a +2 pair of boots (worn)
 H - the +3 chain mail "Xosej" (worn) {rPois rF++ Dex-2}
   (You found it on level 10 of the Dungeon)

   It affects your dexterity (-2).
   It greatly protects you from fire.
   It protects you from poison.
Jewellery
 g - a +4 ring of intelligence (right hand)
 l - an uncursed amulet of magic regeneration
 o - an amulet of harm (around neck)
 p - a +3 ring of intelligence (left hand)
 y - the amulet of the Four Winds {rN+ MR+++ Clar}
   (You found it on level 10 of the Dungeon)

   [amulet of nothing]

   It protects you from negative energy.
   It affects your resistance to hostile enchantments.
   It protects you against confusion.
Wands
 h - a wand of disintegration (11)
Scrolls
 c - 3 scrolls of teleportation
 e - a scroll of blinking
 j - a scroll of fear
 m - 2 scrolls of enchant armour
 n - 10 scrolls of remove curse
 B - a scroll of amnesia
 D - 2 scrolls of fog
 G - 3 scrolls of identify
Potions
 a - a potion of ambrosia
 b - 3 potions of curing
 i - 4 potions of flight
 k - a potion of haste
 s - a potion of resistance
 v - 2 potions of magic
 w - a potion of agility
 x - 2 potions of might
 F - a potion of lignification
 I - a potion of brilliance {unknown}
 J - 2 potions of heal wounds
Books
 f - a book of Party Tricks

   Spells                             Type                      Level
   a - Summon Butterflies             Summoning                    1
   b - Apportation                    Translocation                1
   c - Lesser Beckoning               Translocation                3
   d - Tukima's Dance                 Hexes                        3
   e - Alistair's Intoxication        Transmutation/Poison         5
   f - Invisibility                   Hexes                        6
 r - a book of Cantrips

   Spells                             Type                      Level
   a - Confusing Touch                Hexes                        1
   b - Animate Skeleton               Necromancy                   1
   c - Summon Small Mammal            Summoning                    1
   d - Apportation                    Translocation                1
Comestibles
 d - 2 rations


   Skills:
 + Level 9.3 Fighting
 + Level 6.4 Short Blades
 + Level 6.4 Long Blades
 + Level 6.4 Axes
 + Level 6.4 Maces & Flails
 + Level 9.3 Polearms
 + Level 6.4 Staves
 + Level 6.4 Slings
 + Level 6.4 Bows
 + Level 6.4 Crossbows
 + Level 6.4 Throwing
 + Level 6.4 Armour
 + Level 8.0 Dodging
 + Level 6.9 Stealth
 + Level 6.4 Shields
 + Level 6.4 Unarmed Combat
 + Level 6.4 Spellcasting
 + Level 5.3 Conjurations
 + Level 5.3 Hexes
 + Level 5.3 Charms
 + Level 5.3 Summonings
 + Level 5.3 Necromancy
 + Level 5.3 Translocations
 + Level 5.3 Transmutations
 + Level 5.3 Fire Magic
 + Level 5.3 Ice Magic
 + Level 5.3 Air Magic
 + Level 5.3 Earth Magic
 + Level 5.3 Poison Magic
 + Level 7.1 Invocations
 + Level 7.0 Evocations


You had 19 spell levels left.
You knew the following spells:

 Your Spells              Type           Power        Failure   Level  Hunger
a - Apportation           Tloc           ####..       9%          1    None
b - Summon Small Mammal   Summ           ####         9%          1    None
c - Animate Skeleton      Necr           N/A          9%          1    None


Dungeon Overview and Level Annotations

Branches:
Dungeon (10/15)            Temple (1/1) D:4             Orc (0/2) D:9
   Lair: D:8-11

Altars:
Ashenzari
Cheibriados
Dithmenos
Elyvilon
Fedhas
Gozag
Hepliaklqana
Kikubaaqudgha
Makhleb
Nemelex Xobeh
Okawaru
Qazlal
Ru
Sif Muna
Trog
Uskayaw
Vehumet
Wu Jian
Xom
Yredelemnul
Zin
The Shining One

Shops:
D:5 }   D:7 [

Annotations:
D:8 Erica
D:9 2 transporters


Innate Abilities, Weirdness & Mutations

Your experience applies equally to all skills.
You have very sharp teeth.
Your uncanny sense of smell can sniff out nearby items.


Message History

The crocodile bites you but does no damage.
The white ugly thing barely misses you.
You barely miss the white ugly thing.
The white ugly thing is moderately wounded.
The crocodile bites you but does no damage.
The white ugly thing misses you. The crocodile bites you.
Unknown command.
You barely miss the white ugly thing.
You bite the white ugly thing, but do no damage.
The white ugly thing is moderately wounded.
The white ugly thing bites you. The white ugly thing freezes you!!
* * * LOW HITPOINT WARNING * * *
The crocodile closely misses you.
You riposte.
You slash the crocodile! You drain the crocodile!
You kill the crocodile!
The white ugly thing bites you.
* * * LOW HITPOINT WARNING * * *
The white ugly thing freezes you!!
You die...
Your body crumbles into a pile of gold.

#...##...............#>
.................<...#.
...............>......#.
......................#.
......................#.
#.....................#.
..... #.................
......#..##.............
.....?$@############....
......u## #.... ?.....#
#.... ...... #.... .....
#.... ..... #.... ....
#.... .... #####


You could see a white ugly thing.

Vanquished Creatures
  Gastronok (D:8)
  The ghost of Ratty the Markscentaur, a journeyman CeMo of Okawaru (D:10)
  2 two-headed ogres
  The ghost of Mirai the Thaumaturge, a novice DECj of Vehumet (D:8)
  Pikel (D:7)
  Maurice (D:10)
  Grinder (Sewer)
  3 hornets
  Prince Ribbit (D:8)
  Sigmund (D:3)
  A wraith (Ossuary)
  3 yaks
  2 steam dragons
  Eustachio (D:6)
  Menkaure (D:6)
  Edmund (D:4)
  2 sky beasts (D:8)
  A slave (D:7)
  An orc warrior (D:8)
  3 ice beasts
  A hornet zombie (D:7)
  A necrophage (D:7)
  2 ogres
  A centaur (D:10)
  2 crocodiles (D:10)
  2 big kobolds (Sewer)
  5 bullfrogs
  Dowan (D:5)
  5 scorpions
  2 wyvern skeletons (D:9)
  A jelly (D:9)
  A howler monkey (D:5)
  6 crimson imps
  A centaur skeleton (D:4)
  4 hounds
  A quasit (Sewer)
  12 orc priests
  3 bullfrog skeletons
  9 orc wizards
  9 worker ants
  2 big kobold zombies (Sewer)
  2 hound zombies
  2 hound skeletons
  A mummy (Ossuary)
  A howler monkey zombie (D:5)
  A worker ant zombie (D:9)
  15 adders
  A river rat (D:4)
  3 shadow imps
  5 ufetubi (Sewer)
  An ooze (Sewer)
  3 adder zombies
  An adder skeleton (D:8)
  5 worms
  12 dart slugs
  3 leopard geckos
  36 orcs
  7 giant cockroaches
  5 goblins
  9 hobgoblins
  11 jackals
  4 quokkas
  A ball python (D:3)
  3 bats
  4 frilled lizards
  6 gnoll skeletons (Ossuary)
  27 kobolds
  10 kobold skeletons (Ossuary)
  3 kobold zombies (Sewer)
  A leopard gecko skeleton (D:7)
  9 orc skeletons (Ossuary)
  A quokka skeleton (D:6)
  9 rats
  A fungus (D:4)
303 creatures vanquished.

Vanquished Creatures (collateral kills)
  Duvessa (D:5)
1 creature vanquished.

Vanquished Creatures (others)
  An ogre (D:7)
  An ooze (Sewer)
  A kobold zombie (Sewer)
3 creatures vanquished.

Grand Total: 307 creatures vanquished

Notes
Turn   | Place    | Note
-------+----------+-------------------------------------------
     0 | D:1      | manyhoops the Gnoll Wanderer began the quest for the Orb.
     0 | D:1      | manyhoops set off with: a +2 spear, a potion of curing, a scroll of teleportation, a +0 robe, a ration
     0 | D:1      | Reached XP level 1. HP: 23/23 MP: 2/2
   306 | D:1      | Reached XP level 2. HP: 29/29 MP: 3/3
   516 | D:2      | Reached XP level 3. HP: 29/35 MP: 4/4
   602 | D:2      | Reached skill level 1 in Invocations
   622 | D:2      | Reached skill level 1 in Short Blades
   622 | D:2      | Reached skill level 1 in Long Blades
   622 | D:2      | Reached skill level 1 in Axes
   622 | D:2      | Reached skill level 1 in Maces & Flails
   622 | D:2      | Reached skill level 1 in Staves
   622 | D:2      | Reached skill level 1 in Slings
   622 | D:2      | Reached skill level 1 in Bows
   622 | D:2      | Reached skill level 1 in Crossbows
   622 | D:2      | Reached skill level 1 in Throwing
   622 | D:2      | Reached skill level 1 in Armour
   622 | D:2      | Reached skill level 1 in Shields
   622 | D:2      | Reached skill level 1 in Unarmed Combat
   622 | D:2      | Reached skill level 1 in Spellcasting
   622 | D:2      | Reached XP level 4. HP: 17/41 MP: 4/6
   920 | D:2      | Found a bloodstained altar of Trog.
   988 | D:2      | Found a shattered altar of Ashenzari.
  1229 | D:2      | Reached skill level 1 in Conjurations
  1229 | D:2      | Reached skill level 1 in Hexes
  1229 | D:2      | Reached skill level 1 in Charms
  1229 | D:2      | Reached skill level 1 in Summonings
  1229 | D:2      | Reached skill level 1 in Necromancy
  1229 | D:2      | Reached skill level 1 in Translocations
  1229 | D:2      | Reached skill level 1 in Transmutations
  1229 | D:2      | Reached skill level 1 in Fire Magic
  1229 | D:2      | Reached skill level 1 in Ice Magic
  1229 | D:2      | Reached skill level 1 in Air Magic
  1229 | D:2      | Reached skill level 1 in Earth Magic
  1229 | D:2      | Reached skill level 1 in Poison Magic
  1370 | D:3      | Reached XP level 5. HP: 38/47 MP: 7/7
  1880 | D:3      | Noticed Sigmund
  1957 | D:3      | Killed Sigmund
  1957 | D:3      | Reached skill level 5 in Dodging
  1957 | D:3      | Reached XP level 6. HP: 40/53 MP: 8/8
  2114 | D:4      | Found a blossoming altar of Fedhas.
  2126 | D:4      | Found a staircase to the Ecumenical Temple.
  2183 | Temple   | Entered the Ecumenical Temple
  2338 | Temple   | Became a worshipper of Gozag Ym Sagoz the Greedy
  2382 | D:4      | Noticed Edmund
  2403 | D:4      | Killed Edmund
  2403 | D:4      | Reached XP level 7. HP: 49/59 MP: 10/10
  2486 | D:4      | Found a shadowy altar of Dithmenos.
  2538 | D:4      | Found a glowing drain.
  2692 | Sewer    | Entered a sewer
  3196 | Sewer    | Found a burning altar of Makhleb.
  3231 | Sewer    | Noticed Grinder
  3240 | Sewer    | Killed Grinder
  3240 | Sewer    | Reached XP level 8. HP: 49/67 MP: 10/12
  4190 | D:4      | Found a stormy altar of Qazlal.
  4269 | D:4      | Learned a level 1 spell: Apportation
  4271 | D:4      | Learned a level 1 spell: Summon Small Mammal
  4428 | D:4      | Learned a level 1 spell: Animate Skeleton
  4619 | D:5      | Entered Level 5 of the Dungeon
  4889 | D:5      | Noticed Dowan
  4907 | D:5      | Killed Dowan
  4916 | D:5      | Noticed Duvessa
  5413 | D:5      | Killed Duvessa
  5609 | D:5      | Reached XP level 9. HP: 72/72 MP: 14/14
  5778 | D:5      | Found Syubloutt's Gadget Shop.
  6095 | D:5      | Found a sacrificial altar of Ru.
  6097 | D:5      | Found a shimmering altar of Xom.
  6097 | D:5      | Found a glowing silver altar of Zin.
  6099 | D:5      | Found a hazy altar of Hepliaklqana.
  6099 | D:5      | Found a bloodstained altar of Trog.
  6099 | D:5      | Found a stormy altar of Qazlal.
  6616 | D:6      | Found a sand-covered staircase.
  6623 | D:6      | Noticed Eustachio
  6632 | Ossuary  | Entered an ossuary
  6874 | D:6      | Killed Eustachio
  7114 | D:6      | Reached skill level 5 in Evocations
  7155 | D:6      | Noticed Menkaure
  7449 | D:6      | Killed Menkaure
  7709 | D:6      | Reached skill level 5 in Stealth
  7856 | D:6      | Found a bloodstained altar of Trog.
  8501 | D:7      | Reached skill level 5 in Invocations
  9030 | D:7      | Noticed a hornet
  9035 | D:7      | Paralysed by a hornet for 3 turns
  9081 | D:7      | Bought the +1 scale mail of Cloud Cover {Str+8} for 557 gold pieces
  9116 | D:8      | Reached XP level 10. HP: 50/80 MP: 17/17
  9149 | D:8      | Noticed Prince Ribbit
  9172 | D:8      | Killed Prince Ribbit
  9316 | D:8      | Found a sparkling altar of Nemelex Xobeh.
  9317 | D:8      | Found a glowing golden altar of the Shining One.
  9500 | D:8      | Noticed Gastronok
  9676 | D:7      | Reached skill level 5 in Short Blades
  9676 | D:7      | Reached skill level 5 in Long Blades
  9676 | D:7      | Reached skill level 5 in Axes
  9676 | D:7      | Reached skill level 5 in Maces & Flails
  9676 | D:7      | Reached skill level 5 in Staves
  9676 | D:7      | Reached skill level 5 in Slings
  9676 | D:7      | Reached skill level 5 in Bows
  9676 | D:7      | Reached skill level 5 in Crossbows
  9676 | D:7      | Reached skill level 5 in Throwing
  9676 | D:7      | Reached skill level 5 in Armour
  9676 | D:7      | Reached skill level 5 in Shields
  9676 | D:7      | Reached skill level 5 in Unarmed Combat
  9676 | D:7      | Reached skill level 5 in Spellcasting
  9869 | D:7      | Noticed Pikel
  9896 | D:7      | Killed Pikel
 10102 | D:8      | Noticed Mirai's ghost (novice DECj)
 10197 | D:8      | Noticed Erica
 10274 | D:8      | Killed Gastronok
 10697 | D:8      | Killed Mirai's ghost
 10697 | D:8      | Reached XP level 11. HP: 87/87 MP: 19/19
 11368 | D:9      | Noticed a green ugly thing
 11369 | D:9      | Found a transporter.
 11371 | D:9      | Noticed a cyclops
 11375 | D:9      | Found a transporter.
 11385 | D:9      | Found an ancient bone altar of Kikubaaqudgha.
 11652 | D:9      | Found a staircase to the Orcish Mines.
 11933 | D:9      | Noticed a two-headed ogre
 11951 | D:9      | Killed a two-headed ogre
 11951 | D:9      | Reached skill level 5 in Conjurations
 11951 | D:9      | Reached skill level 5 in Hexes
 11951 | D:9      | Reached skill level 5 in Charms
 11951 | D:9      | Reached skill level 5 in Summonings
 11951 | D:9      | Reached skill level 5 in Necromancy
 11951 | D:9      | Reached skill level 5 in Translocations
 11951 | D:9      | Reached skill level 5 in Transmutations
 11951 | D:9      | Reached skill level 5 in Fire Magic
 11951 | D:9      | Reached skill level 5 in Ice Magic
 11951 | D:9      | Reached skill level 5 in Air Magic
 11951 | D:9      | Reached skill level 5 in Earth Magic
 11951 | D:9      | Reached skill level 5 in Poison Magic
 12091 | D:10     | Entered Level 10 of the Dungeon
 12095 | D:10     | Identified a scroll of acquirement
 12141 | D:10     | Noticed Maurice
 12151 | D:10     | Killed Maurice
 12161 | D:10     | Got a crystal great sword
 12172 | D:10     | Identified the +10 great sword of the Land of Plenty {drain, -Tele Str+4} (You acquired it on level 10 of the Dungeon)
 12201 | D:10     | Noticed Ratty's ghost (journeyman CeMo)
 12219 | D:10     | Got a heavily runed chain mail
 12230 | D:10     | Identified the +3 chain mail "Xosej" {rPois rF++ Dex-2} (You found it on level 10 of the Dungeon)
 12267 | D:10     | Killed Ratty's ghost
 12295 | D:10     | Found the amulet of the Four Winds {rN+ MR+++ Clar}
 12528 | D:10     | Paralysed by a hornet for 1 turns
 12531 | D:10     | Paralysed by a hornet for 2 turns
 13048 | D:10     | Noticed a two-headed ogre
 13048 | D:10     | Noticed a white ugly thing
 13052 | D:10     | Killed a two-headed ogre
 13056 | D:10     | Demolished by a white ugly thing

Skill      XL: |  1  2  3  4  5  6  7  8  9 10 11 |
---------------+----------------------------------+-----
Invocations    | 1 2 3 4 5 6 7 |  7.1
Short Blades   | 1 2 3 4 5 6 |  6.4
Long Blades    | 1 2 3 4 5 6 |  6.4
Axes           | 1 2 3 4 5 6 |  6.4
Maces & Flails | 1 2 3 4 5 6 |  6.4
Staves         | 1 2 3 4 5 6 |  6.4
Slings         | 1 2 3 4 5 6 |  6.4
Bows           | 1 2 3 4 5 6 |  6.4
Crossbows      | 1 2 3 4 5 6 |  6.4
Throwing       | 1 2 3 4 5 6 |  6.4
Armour         | 1 2 3 4 5 6 |  6.4
Shields        | 1 2 3 4 5 6 |  6.4
Unarmed Combat | 1 2 3 4 5 6 |  6.4
Spellcasting   | 1 2 3 4 5 6 |  6.4
Conjurations   | 1 2 3 4 5 |  5.3
Hexes          | 1 2 3 4 5 |  5.3
Charms         | 1 2 3 4 5 |  5.3
Summonings     | 1 2 3 4 5 |  5.3
Necromancy     | 1 2 3 4 5 |  5.3
Translocations | 1 2 3 4 5 |  5.3
Transmutations | 1 2 3 4 5 |  5.3
Fire Magic     | 1 2 3 4 5 |  5.3
Ice Magic      | 1 2 3 4 5 |  5.3
Air Magic      | 1 2 3 4 5 |  5.3
Earth Magic    | 1 2 3 4 5 |  5.3
Poison Magic   | 1 2 3 4 5 |  5.3
Dodging        | 5 6 7 8 |  8.0
Stealth        | 3 4 5 6 |  6.9
Evocations     | 3 4 5 6 7 |  7.0
Fighting       | 7 8 9 |  9.3
Polearms       | 7 8 9 |  9.3

Action                   |  1- 3 |  4- 6 |  7- 9 | 10-12 || total
-------------------------+-------+-------+-------+-------++-------
Melee: Spear             |    57 |   130 |   486 |       ||   673
       Bite              |     4 |    10 |    67 |    42 ||   123
       Punch             |       |     1 |     6 |     8 ||    15
       Trident           |       |       |   354 |   273 ||   627
       Great sword       |       |       |       |    48 ||    48
 Cast: Summon Small Mamm |       |       |     2 |    27 ||    29
Invok: Potion Petition   |       |       |     1 |       ||     1
       Call Merchant     |       |       |     1 |       ||     1
Evoke: Wand              |       |       |       |     5 ||     5
  Use: Scroll            |     6 |     1 |    11 |    10 ||    28
       Potion            |     1 |     2 |    11 |     5 ||    19
 Stab: Sleeping          |     5 |    12 |     7 |     3 ||    27
       Distracted        |       |     1 |     6 |     3 ||    10
       Invisible         |       |       |     2 |       ||     2
  Eat: Chunk             |       |     4 |       |     1 ||     5
       Ration            |       |       |     7 |     3 ||    10
Armor: Robe              |     2 |     8 |    51 |       ||    61
       Scale mail        |       |       |   108 |    69 ||   177
       Skin              |       |       |     1 |       ||     1
       Chain mail        |       |       |       |    29 ||    29
Dodge: Dodged            |    14 |    47 |   470 |   174 ||   705
       Rpst.: Great sword |       |       |       |    11 ||    11
